[Event "XX Gran Hotel Bali-A 2023"]
[Site "Benidorm"]
[Date "2023.12.02"]
[Round "2.1"]
[White "De La Puerta Cresis, Javier"]
[Black "Grigoryan, Karen H."]
[Result "0-1"]
[ECO "D26"]
[WhiteElo "2181"]
[BlackElo "2646"]
[Annotator "TA"]
[PlyCount "96"]
[EventDate "2023.12.02"]
[EventType "swiss"]
[EventCountry "ESP"]
[SourceTitle "playchess.com"]
[Source "ChessBase"]
[SourceQuality "1"]
[TimeControl "5400+30"]

1. d4 d5 2. c4 dxc4 3. e3 Nf6 4. Bxc4 e6 5. Nf3 a6 6. Be2 {[%emt 0:01:24] [#] D26: Queen's Gambit Accepted: 4 e3 e6 5 Bxc5 c5 sidelines.} Bd6 $146 ({Predecessor:} 6... c5 7. O-O cxd4 8. Nxd4 Bd6 9. Nd2 O-O 10. b3 e5 11. Nc2 Nc6 12. Nc4 Bc7 13. Ba3 Re8 {1-0 Nepomniachtchi,I (2771)-Xiong,J (2681) Saint Louis Blitz 2023 (7)}) 7. O-O b6 8. Nbd2 {[%emt 0:01:57] White is slightly better.} Bb7 9. Nc4 O-O 10. b3 Nbd7 11. Nxd6 cxd6 12. Ba3 Qb8 13. Nd2 b5 {[%emt 0:02:35] Wards off Nc4} 14. Rc1 Nb6 15. Bf3 Bxf3 16. Qxf3 a5 17. Ne4 Nxe4 18. Qxe4 b4 19. Bb2 Nd5 20. Qd3 {[%emt 0:08:58] Repels Qb5} f5 21. a4 Qe8 22. Rc2 Qd7 23. Rfc1 Rfc8 24. Qb5 Qd8 25. Qb7 Rcb8 26. Qc6 h5 27. Qc4 Qg5 28. Qd3 Rf8 29. Re1 (29. Qd2 $11 {keeps the balance.}) 29... h4 (29... f4 $1 $17) 30. Bc1 h3 31. f3 Qh5 32. e4 Nc3 33. Bd2 $2 (33. e5 $11 {and White has nothing to worry.}) 33... fxe4 $19 34. fxe4 hxg2 $1 35. Bxc3 {[%emt 0:00:00] Bd2 is the strong threat.} bxc3 {[%emt 0:00:09] Black is more active.} (35... Rf3 $1 $17 36. Qc4 Raf8 37. Rxg2 (37. Qxe6+ $2 {perishes.} Kh8 $19) 37... bxc3) 36. Rxc3 (36. Kxg2 $11 Rf4 37. Rxc3) 36... Qg4 $1 {[%emt 0:01:02][%cal Of8f1] ...Rf1+! would be deadly.} 37. Rc2 Rf3 38. Qc4 {[%emt 0:00:00] [#]} Rf1+ $1 $40 {[%emt 0:05:17][%mdl 640] Black is out for blood.} 39. Rxf1 $17 gxf1=Q+ 40. Kxf1 Qxe4 {[%emt 0:00:42][%mdl 4096] Endgame White should prevent ...d5. KQR-KQR} 41. Rf2 Kh8 42. Qc3 Rb8 43. Qxa5 Qd3+ (43... Rxb3 $2 {leads to mate.} 44. Rf8+ Kh7 45. Qh5#) 44. Kg2 d5 {[%emt 0:01:05] White must now prevent ...Qe4+.} 45. Qc7 Qe4+ 46. Kf1 $2 (46. Rf3 $11 Rxb3 47. Qf4 Rb2+ 48. Kg1 Rb1+ 49. Kg2) 46... Rxb3 $19 {[%emt 0:00:00] ( -> ...Rb1+)} 47. Re2 Qh1+ 48. Kf2 Rf3# {[%emt 0:00:00] An entertaining game by Grigoryan.   Weighted Error Value: White=0.51/Black=0.15 (very precise)} 0-1

[Event "XX Gran Hotel Bali-A 2023"]
[Site "Benidorm"]
[Date "2023.12.02"]
[Round "2.2"]
[White "Mitrabha, Guha"]
[Black "Sijpkens, Michiel"]
[Result "0-1"]
[ECO "D02"]
[WhiteElo "2516"]
[BlackElo "2165"]
[Annotator "TA"]
[PlyCount "86"]
[EventDate "2023.12.02"]
[EventType "swiss"]
[EventCountry "ESP"]
[SourceTitle "playchess.com"]
[Source "ChessBase"]
[SourceQuality "1"]
[TimeControl "5400+30"]

1. d4 d5 2. Nf3 e6 3. Bf4 Bd6 4. e3 Bxf4 5. exf4 Qd6 6. Qd2 {[%emt 0:00:49] D02: 1 d4 d5 2 Nf3 sidelines, including 2...Nf6 3 g3 and 2...Nf6 3 Bf4.} b6 7. Nc3 Ne7 {[%emt 0:00:57] [#]} 8. h4 $146 {[%emt 0:01:17][%cal Bh2h4,Bh4h5,Bh5h6][%mdl 32] The position is equal.} ({Predecessor:} 8. O-O-O O-O 9. h4 c5 10. h5 c4 11. Ne5 f6 12. Ng4 a6 13. h6 g6 14. g3 {1-0 Koustav,C (2513)-Svane,R (2615) Titled Tuesday intern op 13th Sep Early blitz 2022 (5)}) 8... O-O 9. h5 c5 10. h6 {[%emt 0:00:28] hxg7 would be deadly.} g6 11. Nb5 Qc6 {[%emt 0:06:02] Black is weak on the dark squares} 12. Ne5 Qb7 13. dxc5 bxc5 14. Qc3 (14. c4 $11 {feels stronger.}) 14... f6 $1 $17 15. Ng4 Nd7 16. O-O-O Qc6 17. Na3 Rb8 {[%emt 0:04:49] Prevents Bb5} 18. Rh3 d4 (18... Rb6 $142 19. Kb1 Qa4) 19. Qd2 Nd5 20. Rb3 N7b6 21. f3 {[%emt 0:12:51] [#]} e5 22. fxe5 $15 Bxg4 23. fxg4 fxe5 {[%emt 0:00:15][%cal Bf6e5,Be5e4,Be4e3][%mdl 32] aiming for ...c4.} 24. Nc4 e4 25. Nxb6 ({White must play} 25. Qg5 $1 $15 Kh8 26. Nxb6 axb6 27. Qe5+ Nf6 28. Bb5) 25... e3 $36 {[%emt 0:01:37][%mdl 2048] Black is in control.} (25... Rxb6 26. Bc4 Kh8 27. Qg5 $16) 26. Qd3 {[%emt 0:01:19] Threatens to win with Nxd5.} axb6 {[%emt 0:00:52] Black is more active.} (26... Rxb6 27. Qe4 Nf4 28. Bc4+ Kh8 29. Qe5+ (29. Qe7 Qf6 $11) 29... Qf6 30. Qc7 $14) (26... Nxb6 $142 27. Qa6 Rb7 28. Bc4+ Kh8) 27. Qc4 (27. Qe4 $17 Kh8 28. Bc4) 27... Kh8 $19 28. Be2 $2 (28. Kb1) 28... Nf4 {[%emt 0:08:45] Strongly threatening ...b5.} 29. Bf3 b5 30. Bxc6 $2 (30. Qxd4+ cxd4 31. Bxc6) 30... bxc4 31. Rxb8 Rxb8 {[%emt 0:00:07][%mdl 4096] Endgame KRB-KRN} (31... Ne2+ $142 32. Kb1 Rxb8) 32. Rf1 $2 (32. Bf3 d3 33. cxd3 {[%mdl 64] Remove Defender} Nxd3+ 34. Kc2) 32... Rf8 $2 (32... e2 33. Re1 d3 34. c3 $19) (32... Ne2+ 33. Kb1 Nc3+ 34. Kc1 Nxa2+ 35. Kb1 d3 36. Kxa2 e2) 33. Re1 Rf6 34. Bf3 {[%emt 0:05:19] [#]} g5 $1 35. Kd1 Rxh6 36. g3 Rh3 37. Bb7 $2 (37. gxf4 Rxf3 38. fxg5 Kg7 $19) (37. Rg1 d3 38. cxd3 cxd3 39. Be4) 37... Rxg3 38. a4 d3 (38... Rxg4 39. a5 $17) 39. a5 d2 ({Weaker is} 39... Rxg4 40. a6 c3 41. bxc3 $14) 40. Rh1 Nh3 ({And not} 40... Rxg4 41. a6 Ne6 42. Ke2 $11 (42. a7 Nc7 $15)) (40... Rh3 $142 41. Rg1 Rh6) 41. Ke2 {[%emt 0:00:02] [#]} Rg1 $1 {[%emt 0:00:56] Black mates.} 42. Rxg1 Nxg1+ 43. Kd1 Nh3 {[%emt 0:00:27] Weighted Error Value: White=0.91/Black=0.54} 0-1

[Event "XX Gran Hotel Bali-A 2023"]
[Site "Benidorm"]
[Date "2023.12.02"]
[Round "2.3"]
[White "Shimelkov, Vasiliy"]
[Black "Domingo Nunez, Ruben"]
[Result "0-1"]
[ECO "E13"]
[WhiteElo "2159"]
[BlackElo "2429"]
[Annotator "TA"]
[PlyCount "48"]
[EventDate "2023.12.02"]
[EventType "swiss"]
[EventCountry "ESP"]
[SourceTitle "playchess.com"]
[Source "ChessBase"]
[SourceQuality "1"]
[TimeControl "5400+30"]

1. d4 Nf6 2. Nf3 b6 3. c4 e6 4. Nc3 Bb4 5. Bg5 h6 6. Bh4 g5 7. Bg3 Ne4 8. Qc2 Bb7 9. e3 d6 10. Bd3 Bxc3+ 11. bxc3 f5 12. d5 Nd7 13. Nd4 {[%emt 0:01:36] E13: Queen's Indian/Nimzo-Indian hybrid: 4 Nc3 Bb7 5 Bg5 h6 6 Bh4 Bb4.} Ndc5 (13... exd5 14. f3 dxc4 15. Bxc4 Nxg3 16. hxg3 $14) 14. f3 (14. O-O $11) 14... Nxd3+ $15 15. Qxd3 {[%emt 0:00:08] Black is slightly better.} Nc5 16. Qc2 Qf6 17. dxe6 f4 18. exf4 gxf4 19. Bxf4 Qxf4 $17 20. Qg6+ Kd8 {[%emt 0:00:01] [#] Threatens to win with ...Qe3+.} 21. O-O Qg5 {[%emt 0:03:47] [#]} 22. e7+ $146 ({Predecessor:} 22. Qf7 Qe7 23. Qh5 Qg5 24. Qf7 Qe7 {½-½ Sergienko,S (2449)-Olenin,N (2353) RUS-chT2 Sochi 2008 (1)}) 22... Kd7 $19 {[%emt 0:00:26] Black is clearly winning.} (22... Kxe7 $2 {loses.} 23. Rae1+ Kf8 24. Qc2 $19) (22... Qxe7 $2 23. Rae1 Qh7 24. Qg4 $19 (24. Re8+ $2 Kd7 $19)) 23. Qf7 Rae8 (23... Qxe7 $2 {is the wrong capture.} 24. Qf5+ Kd8 25. Rae1 $19) 24. h4 Rxe7 {[%emt 0:11:03] Artfully played by Domingo Nunez.   Weighted Error Value: White=0.44/Black=0.01 (flawless)} ({Stronger than} 24... Qxh4 25. Qf5+ Kxe7 26. Qxc5 bxc5 27. Nf5+ Kf6 28. Nxh4 $17) 0-1

[Event "XX Gran Hotel Bali-A 2023"]
[Site "Benidorm"]
[Date "2023.12.02"]
[Round "2.4"]
[White "Moskalenko, Viktor"]
[Black "Motos Abellan, Daniel"]
[Result "1-0"]
[ECO "A47"]
[WhiteElo "2427"]
[BlackElo "2151"]
[Annotator "TA"]
[PlyCount "69"]
[EventDate "2023.12.02"]
[EventType "swiss"]
[EventCountry "ESP"]
[SourceTitle "playchess.com"]
[Source "ChessBase"]
[SourceQuality "1"]
[TimeControl "5400+30"]

1. d4 Nf6 2. Nf3 b6 3. Bg5 e6 4. Nbd2 Bb7 5. e3 Be7 6. Bd3 c5 7. c3 h6 {[%emt 0:00:16] A47: 1 d4 Nf6 2 Nf3 b6: Torre, London and Colle Systems.} 8. Bxf6 Bxf6 9. Qe2 Nc6 {[%emt 0:00:26] The position is equal.} 10. O-O-O d5 11. h4 {[%emt 0:04:24] [#]} c4 $146 ({Predecessor:} 11... Qc7 12. Kb1 O-O-O 13. Ba6 Rhe8 14. Bxb7+ Qxb7 15. g4 g6 16. g5 hxg5 17. hxg5 Bg7 {1-0 Atkins,R (2093)-Davey,M (2011) BCF-chT1a 1617 (4NCL) 2016 (3.38)}) 12. Bc2 b5 13. e4 Be7 14. exd5 exd5 {[%emt 0:00:13] aiming for ...0-0.} 15. Ne5 Nxe5 (15... O-O $5) 16. Qxe5 Kf8 17. Nf3 b4 18. Qe3 (18. Qf4 {is more complex.} bxc3 19. bxc3 Bd6 20. Ne5) 18... bxc3 19. bxc3 Bc8 ({Better is} 19... h5 $11) 20. Rde1 {[%emt 0:06:26] White is more active.} (20. h5 $14) 20... h5 $11 21. Ng5 {[%emt 0:03:45] Qf4 would be deadly.} Qd6 {[%emt 0:17:03] Against Qf4} 22. Kd2 g6 23. Nf3 Bf6 (23... Rb8 {simplifies} 24. Rb1 Rb6 25. Rxb6 axb6 26. g3 Kg7) 24. Ne5 Kg7 25. Qg3 (25. Qf4 $5 ) 25... Rb8 {[%emt 0:02:06] Threatens to win with ...Rb2.} 26. Rb1 $132 {[%emt 0:00:35][%mdl 2048] Repels Rb2. White is not keeping still} Rb6 27. f4 Bxe5 (27... Rxb1 $11 28. Rxb1 Qd8) 28. fxe5 $14 Qa3 (28... Qd8 $14) 29. Qg5 (29. Rxb6 $142 axb6 30. Qf3) 29... Be6 (29... Qa6 $16 {might work better.}) 30. Qf6+ $18 Kh7 31. g4 ({Don't take} 31. Rxb6 axb6 32. g4 Qf8) 31... Rb2 $2 {[%emt 0:03:07] [#]} (31... Qf8) 32. Rxb2 (32. gxh5 $2 {perishes.} Rxc2+ 33. Kxc2 Qxa2+ 34. Rb2 Bf5+ $19) 32... Qxb2 33. Rb1 Qxa2 {[%emt 0:00:12] Black is weak on the dark squares} 34. Rb7 Rg8 35. Qxe6 {[%emt 0:00:23] Weighted Error Value: White=0.11 (very precise) /Black=0.37} 1-0

[Event "XX Gran Hotel Bali-A 2023"]
[Site "Benidorm"]
[Date "2023.12.02"]
[Round "2.5"]
[White "Ni, Viktorija"]
[Black "Ilinca, Felix-Antonio"]
[Result "1-0"]
[ECO "E20"]
[WhiteElo "2139"]
[BlackElo "2395"]
[Annotator "TA"]
[PlyCount "93"]
[EventDate "2023.12.02"]
[EventType "swiss"]
[EventCountry "ESP"]
[SourceTitle "playchess.com"]
[Source "ChessBase"]
[SourceQuality "1"]
[TimeControl "5400+30"]

1. d4 Nf6 2. c4 e6 3. Nf3 c5 4. Nc3 cxd4 5. Nxd4 Bb4 6. g3 O-O {[%emt 0:04:49] 6...0-0 scores better than 6...Ne4.} 7. Bg2 {[%emt 0:00:36] E20: Nimzo-Indian: 4 g3 and 4 f3.} Qc7 (7... d5 $11) 8. Qb3 $16 Bc5 9. Ndb5 {[%emt 0:02:37] White is better.} Qd8 {[%emt 0:05:34] [#]} 10. Na4 {[%emt 0:09:05] [#]} (10. Bf4 $1 $16) 10... Be7 $146 (10... Qa5+ $14 11. Bd2 Bxf2+ 12. Kd1 Qd8) ({Predecessor:} 10... Na6 11. Nxc5 Nxc5 12. Qa3 d6 13. Be3 Ng4 14. Bxc5 dxc5 15. Qxc5 Qf6 16. O-O Qxb2 {1-0 Mikhalchishin,A (2479)-Worek,J (2292) EU-ch rapid Katowice 2017 (9)}) 11. Bf4 Ne8 {[%emt 0:02:46] Dodges Bc7. Black is weak on the dark squares} ({Better is} 11... Qa5+ $14 12. Nac3 (12. Bd2 Qd8 $16) 12... Nc6) 12. O-O-O (12. O-O $16) 12... Nc6 $14 13. Kb1 $36 {[%emt 0:03:38][%mdl 2048] White is in control. White has more active pieces. The black rooks are badly placed.} a6 (13... e5 $16 {is a better defense.}) 14. Bxc6 $18 bxc6 15. Nd4 {[%emt 0:02:35][%cal Od4c6] Black must now prevent Nxc6!} Bg5 (15... d6 $142) 16. Nb6 Bxf4 17. Nxa8 Bd6 18. Nb6 {[%emt 0:03:50][%cal Od4c6] aiming for Nxc6!} Bb7 {[%emt 0:01:20] [#]} 19. c5 $1 Bxc5 20. Na4 {[%emt 0:06:43][%mdl 64] Discovered Attack} Bxd4 21. Qxb7 Bxf2 22. Rxd7 (22. Qxa6 Nf6 $11) 22... Qa5 23. Qxc6 Nf6 24. Rc7 h5 25. Rc8 Qf5+ (25... g6 $142 26. Rxf8+ Kxf8) 26. Ka1 Nd5 27. Rxf8+ (27. Qxa6 Nb4 28. Qc4 (28. Rxf8+ Kh7 $11) 28... Rxc8 29. Qxc8+ Kh7 $16) 27... Kxf8 28. Rd1 g5 29. Nc3 ({But not} 29. Qxa6 Ne3 30. Rd8+ Kg7 $18) 29... Ne3 30. Rd8+ Kg7 31. Qe4 (31. Qxa6 {leads to mate.} Nc2+ 32. Kb1 Na3+ 33. Ka1 Qb1+ 34. Nxb1 Nc2#) (31. a3 $18 {Threatens to win with Ne4.} Ng4 32. Qxa6 (32. Qe8 Nf6 $18)) 31... Qf6 $2 {[%emt 0:00:43] A mistake that costs the game.} ({Black should play} 31... g4 $14) 32. Rd3 Nc2+ 33. Kb1 Nd4 (33... Ne1 34. Rd1 g4) 34. Nd1 Bg1 35. Qg2 Qf5 (35... Bxh2 $142 36. Qxh2 Kg6) 36. Qxg1 Nxe2 37. Qe3 Ng1 38. a3 g4 39. Ka2 Nf3 40. Nc3 Nxh2 41. Ne4 {[%emt 0:00:29] And now Nd6 would win.} Nf3 42. Nd2 Ne5 43. Rc3 Ng6 44. Qd3 $2 (44. Rc5 e5 45. Nc4) 44... Qe5 (44... Qxd3 45. Rxd3 f5) 45. Nc4 {[%emt 0:00:20] White is clearly winning.} Qf6 (45... Qd5 $142 46. Qe3 f6 47. Qa7+ Kh6 48. Qxa6 Kg5) 46. Nd6 {[%emt 0:00:04] White threatens Ne8+ and mate.} Qe7 {[%emt 0:00:21] [#] Wards off Ne8+} 47. Rc7 $3 {[%emt 0:00:15][%mdl 512] A cool game by Ni.   Weighted Error Value: White=0.29 (precise) /Black=0.59} 1-0

[Event "XX Gran Hotel Bali-A 2023"]
[Site "Benidorm"]
[Date "2023.12.02"]
[Round "2.6"]
[White "Decuigniere, Tom"]
[Black "Donate Moreno, Silvia"]
[Result "1-0"]
[ECO "A12"]
[WhiteElo "2408"]
[BlackElo "2156"]
[Annotator "TA"]
[PlyCount "111"]
[EventDate "2023.12.02"]
[EventType "swiss"]
[EventCountry "ESP"]
[SourceTitle "playchess.com"]
[Source "ChessBase"]
[SourceQuality "1"]
[TimeControl "5400+30"]

1. Nf3 Nf6 2. e3 d5 3. c4 c6 4. b3 Bg4 5. Bb2 Nbd7 6. d4 {[%emt 0:05:14] A12: English Opening: 1...c6 with b3 by White.} e6 (6... e5 $5) 7. Be2 {[%emt 0:00:41] was the old line (7.Nbd2).} Bd6 8. Nc3 {[%emt 0:01:50] The position is equal.} Qe7 {[%emt 0:01:09] [#]} 9. Qc2 $146 ({Predecessor:} 9. h3 Bh5 10. Rc1 O-O 11. O-O Ba3 12. Qc2 Bg6 13. Qd2 Bb4 14. Bd3 Ne4 15. Qc2 Nxc3 16. Bxc3 Bxc3 17. Qxc3 Bxd3 18. Qxd3 Rfe8 19. Rfd1 {0-1 Dimitrov,A (2250)-Begunov,K (2325) Titled Tuesday intern op 14th Jun Early blitz 2022 (1)}) 9... Rd8 10. O-O O-O 11. e4 dxe4 12. Nxe4 Nxe4 13. Qxe4 Nf6 14. Qe3 Ba3 15. Bc3 Bb4 16. Bxb4 Qxb4 17. Rfd1 Qa5 18. h3 Bxf3 19. Bxf3 Rc8 20. Qe5 Qc7 21. Rd3 Nd7 22. Qe3 Rfe8 23. Rad1 a5 24. Qd2 Nf6 25. Re1 h6 26. Re5 b6 27. Re1 Red8 28. Qe3 b5 29. Rc1 b4 30. Rcd1 Rd6 31. Qe5 Nd7 32. Qg3 {[%emt 0:03:10] Hoping for c5.} e5 33. Bg4 $16 {[%emt 0:01:33] White is more active.} ({Don't play} 33. dxe5 Rxd3 34. Rxd3 Nxe5 $14) 33... Re8 34. Re1 Qd8 (34... Re7 $16) 35. dxe5 $18 Rxd3 36. Qxd3 Nc5 (36... Nf8 $16 37. Qe3 Re7) 37. Qe3 Qe7 38. Bf3 Rd8 39. Bxc6 Rd3 40. Qe2 Qg5 41. Bd5 Rd2 42. Qf3 Qe7 (42... Ne6 43. Bxe6 fxe6 44. Qa8+ Qd8) 43. Re2 Rd3 44. Re3 Rd2 45. Qg4 Rxa2 (45... Ne6 $142 46. Re2 Rd4) 46. Qc8+ Kh7 47. Qf5+ Kg8 48. f4 $2 (48. e6 $1 $18 {[%cal Re6f7] is the precise move to win.} Nxe6 49. Bxe6 fxe6 50. Rxe6 (50. Qxe6+ Qxe6 51. Rxe6 Kf7 $11)) 48... Ra1+ (48... a4 $16) 49. Kh2 {[%emt 0:00:05] e6 is the strong threat.} Ne6 {[%emt 0:00:03] [#]} 50. Qg4 $2 {[%emt 0:01:15] Prevents Rd1.} (50. Qe4 $1 $16 {Threatens to win with f5.} Nc5 51. Qf5) 50... Qc5 $2 {[%emt 0:01:09] [#]} (50... Qa7 $1 $11 51. Qg3 Rf1) 51. Qf3 $2 (51. Re2 $1 $18 Rb1 52. Bxe6 fxe6 53. Qxe6+ Kh8 54. Qd7 Qg1+ 55. Kg3 Rxb3+ 56. Kg4) 51... Nd4 (51... Rf1 $1 $11 {and Black stays safe.} 52. Qxf1 Qxe3) 52. Qe4 {[%emt 0:01:09][%cal Od5f7] Strongly threatening Bxf7+!} Nc2 {[%emt 0:00:25] [#]} (52... Ne6 $142 53. Kg3 Rd1) 53. Qf5 $1 Qa7 {[%emt 0:00:37] [#]} (53... Qxd5 54. Qc8+) 54. e6 $1 {[%emt 0:00:49][%cal Be5e6,Be6f7][%mdl 32] White mates.} Qxe3 (54... Qb8 55. Qxf7+) 55. exf7+ Kf8 56. Qc8+ {[%emt 0:00:04] Artfully played by Decuigniere.   Weighted Error Value: White=0.27 (precise) /Black=0.49} 1-0

[Event "XX Gran Hotel Bali-A 2023"]
[Site "Benidorm"]
[Date "2023.12.02"]
[Round "2.7"]
[White "Midoux, Sebastien"]
[Black "Trigo Urquijo, Sergio"]
[Result "0-1"]
[ECO "B12"]
[WhiteElo "2151"]
[BlackElo "2400"]
[Annotator "TA"]
[PlyCount "70"]
[EventDate "2023.12.02"]
[EventType "swiss"]
[EventCountry "ESP"]
[SourceTitle "playchess.com"]
[Source "ChessBase"]
[SourceQuality "1"]
[TimeControl "5400+30"]

1. e4 c6 2. d4 d5 3. e5 Bf5 4. h4 h5 5. Bd3 Bxd3 6. Qxd3 {[%emt 0:00:03][%cal Oe5e6] B12: Caro-Kann: Advance Variation.} Qa5+ 7. b4 Qa6 {[%emt 0:02:22] Black is weak on the dark squares} 8. Qf3 {[%emt 0:01:37][%cal Oe5e6] The position is equal.} e6 9. c3 Nd7 10. Ne2 Ne7 11. a4 {[%emt 0:03:42] [#]} b6 $146 (11... Nf5 $11) ({Predecessor:} 11... Nf5 12. Ng3 Nxg3 13. Qxg3 g6 14. Bg5 b6 15. Nd2 Rc8 16. Qf3 Be7 17. Bxe7 Kxe7 {½-½ Pichot,A (2625)-Nyzhnyk,I (2674) Titled Tuesday intern op 18th Jan blitz 2022 (10)}) 12. Nd2 ({White should try} 12. Bg5 $14) 12... Qb7 13. Ng3 g6 (13... c5 $11) 14. O-O $14 a5 15. Nb3 {[%emt 0:06:17] [#]} (15. b5 $14) 15... c5 16. bxc5 ({Much weaker is} 16. dxc5 axb4 17. cxb4 Nc6 $11) 16... bxc5 17. Nxc5 (17. Rb1 $5 ) 17... Nxc5 18. dxc5 Bg7 19. Qe2 Qc7 {[%emt 0:02:48][%csl LRc5,LRe5][%mdl 1024] Black has compensation.} 20. Re1 O-O 21. Ba3 Nc6 22. f4 Qe7 23. Qf2 Qxh4 24. Ne2 Qxf2+ 25. Kxf2 f6 26. exf6 Bxf6 27. Red1 g5 28. g3 h4 29. Kg2 hxg3 30. fxg5 Bxg5 {[%emt 0:00:00] Hoping for ...Rf2+.} 31. Kxg3 {[%emt 0:00:25] [#]} (31. Nd4 $15 Nxd4 32. cxd4) 31... Ra7 $1 $19 32. Rf1 Bf6 {[%emt 0:00:00] White must now prevent ...Rg7+. Black is much more active.} 33. Rg1 Be5+ 34. Kh3+ Kh8 {[%emt 0:00:00] Threatens to win with ...Rh7+.} 35. Rh1 $2 (35. Raf1 $17 Rh7+ 36. Kg4) 35... Rg8 {[%emt 0:00:00] Weighted Error Value: White=0.37/Black=0.15 (very precise)} 0-1

[Event "XX Gran Hotel Bali-A 2023"]
[Site "Benidorm"]
[Date "2023.12.02"]
[Round "2.8"]
[White "Davtyan, David Arm."]
[Black "Rodriguez Redondo, Adhara"]
[Result "1-0"]
[ECO "E05"]
[WhiteElo "2362"]
[BlackElo "2123"]
[Annotator "RC"]
[PlyCount "77"]
[EventDate "2023.12.02"]
[EventType "swiss"]
[EventCountry "ESP"]
[SourceTitle "playchess.com"]
[Source "ChessBase"]
[SourceQuality "1"]
[TimeControl "5400+30"]

1. d4 Nf6 2. Nf3 d5 3. g3 e6 4. Bg2 Be7 5. O-O O-O 6. c4 dxc4 7. Qc2 a6 8. a4 Bd7 9. Qxc4 Bc6 10. Bg5 Bd5 11. Qd3 Be4 12. Qe3 Bc6 13. Nc3 a5 14. Rfd1 Nd5 15. Nxd5 Bxd5 16. Bxe7 Qxe7 17. Qf4 Qd6 18. Qh4 c6 19. e4 Bb3 20. Rd3 Qb4 21. g4 Bc2 22. Re3 Qxb2 23. Rae1 Nd7 24. g5 Rfe8 25. R1e2 Qb1+ 26. Bf1 Bxa4 27. Re1 Qb4 28. Bd3 Bb5 29. Rb1 Qe7 30. Bc2 a4 31. e5 Nf8 32. Nd2 a3 33. Rh3 h6 34. Ne4 a2 35. Ra1 Red8 36. Nf6+ Kh8 37. Qg4 Qb4 38. Rxh6+ gxh6 39. Qh5 1-0

[Event "XX Gran Hotel Bali-A 2023"]
[Site "Benidorm"]
[Date "2023.12.02"]
[Round "2.9"]
[White "Garcia Martin, Marta"]
[Black "Atienza Alvarez, Javier"]
[Result "0-1"]
[ECO "C02"]
[WhiteElo "2350"]
[BlackElo "2105"]
[Annotator "RC"]
[PlyCount "74"]
[EventDate "2023.12.02"]
[EventType "swiss"]
[EventCountry "ESP"]
[SourceTitle "playchess.com"]
[Source "ChessBase"]
[SourceQuality "1"]
[TimeControl "5400+30"]

1. e4 e6 2. d4 d5 3. e5 c5 4. c3 Nc6 5. Nf3 Bd7 6. Be2 Nge7 7. O-O Ng6 8. Be3 cxd4 9. cxd4 f6 10. exf6 Qxf6 11. Nc3 Bd6 12. g3 O-O 13. Rc1 Kh8 14. Qd2 Nce7 15. Ng5 Nf5 16. f4 h6 17. Nf3 Nxe3 18. Qxe3 Nxf4 19. gxf4 Bxf4 20. Qf2 Bxc1 21. Rxc1 e5 22. dxe5 Qf4 23. Rd1 Bg4 24. Rd3 Qc1+ 25. Kg2 Qxb2 26. Nxd5 Rad8 27. Rb3 Qc2 28. Ne3 Qxa2 29. Nxg4 Qxb3 30. Ne3 Rd2 31. Nf1 Rb2 32. Ng3 a5 33. Ne4 Qd5 34. Nc3 Qc6 35. Nd1 Rxf3 36. Bxf3 Rxf2+ 37. Nxf2 Qg6+ 0-1

[Event "XX Gran Hotel Bali-A 2023"]
[Site "Benidorm"]
[Date "2023.12.02"]
[Round "2.10"]
[White "Aakash Sharadchandra, Dalvi"]
[Black "Campora, Daniel H."]
[Result "0-1"]
[ECO "A88"]
[WhiteElo "2114"]
[BlackElo "2341"]
[Annotator "RC"]
[PlyCount "64"]
[EventDate "2023.12.02"]
[EventType "swiss"]
[EventCountry "ESP"]
[SourceTitle "playchess.com"]
[Source "ChessBase"]
[SourceQuality "1"]
[TimeControl "5400+30"]

1. d4 f5 2. c4 Nf6 3. Nf3 g6 4. g3 Bg7 5. Bg2 O-O 6. O-O d6 7. Nc3 c6 8. d5 e5 9. dxe6 Bxe6 10. b3 Na6 11. Ng5 Bc8 12. Bb2 Qe7 13. Qd2 Nc5 14. Rad1 h6 15. Nf3 Nfe4 16. Qc2 Be6 17. Nd4 Bf7 18. b4 Nxc3 19. Qxc3 Na4 20. Nxc6 Bxc3 21. Nxe7+ Kg7 22. Bxc3+ Nxc3 23. Rxd6 Rad8 24. Rxd8 Rxd8 25. Nd5 Nxe2+ 26. Kh1 b5 27. Re1 Nd4 28. Rd1 Nc6 29. Rc1 bxc4 30. Rxc4 Rxd5 31. Rc1 Nd4 32. Rc7 Rd6 0-1

[Event "XX Gran Hotel Bali-A 2023"]
[Site "Benidorm"]
[Date "2023.12.02"]
[Round "2.11"]
[White "Salvador Buiza, Victor"]
[Black "Ingunza Curro, Andres"]
[Result "0-1"]
[ECO "C57"]
[WhiteElo "2112"]
[BlackElo "2328"]
[Annotator "RC"]
[PlyCount "118"]
[EventDate "2023.12.02"]
[EventType "swiss"]
[EventCountry "ESP"]
[SourceTitle "playchess.com"]
[Source "ChessBase"]
[SourceQuality "1"]
[TimeControl "5400+30"]

1. e4 e5 2. Nf3 Nc6 3. Bc4 Nf6 4. Ng5 Bc5 5. Bxf7+ Ke7 6. Bc4 Qe8 7. O-O h6 8. Nf3 d6 9. b4 Bxb4 10. c3 Ba5 11. d4 Bg4 12. Qd3 Bxf3 13. Qxf3 Qg6 14. Bd5 Rhf8 15. Bxc6 bxc6 16. dxe5 Nxe4 17. exd6+ cxd6 18. Qe2 Kf7 19. Be3 Bb6 20. Nd2 Nxd2 21. Qxd2 Rfe8 22. Rfe1 Kg8 23. c4 Kh7 24. Rad1 Re6 25. Bf4 Rae8 26. Rxe6 Qxe6 27. Qd3+ Qe4 28. Kf1 Qxd3+ 29. Rxd3 Re4 30. Bxd6 Rxc4 31. Rd2 Ba5 32. Rb2 Bb6 33. Be5 g5 34. Rd2 Kg6 35. h3 Ba5 36. Rd6+ Kf5 37. Bh2 h5 38. Rh6 Rc1+ 39. Ke2 Rc2+ 40. Kd3 Rxf2 41. Rxc6 Bb6 42. Bg1 Rxg2 43. Bxb6 axb6 44. Rxb6 Rg3+ 45. Ke2 Rxh3 46. Rb5+ Kg4 47. Rb4+ Kg3 48. a4 Rh2+ 49. Kf1 Ra2 50. Rb5 Ra1+ 51. Ke2 Kh4 52. a5 g4 53. Kf2 g3+ 54. Kg2 Ra2+ 55. Kf3 g2 56. Rb1 Kh3 57. Rb5 h4 58. Rg5 Kh2 59. Rg4 h3 0-1